 Dungeon Crawl Stone Soup version 0.24.0-13-gcf9b3192b9 (webtiles) character file.

Game seed: 15592448050989147514, levelgen mode: deterministic

120 Arum the Ducker (level 4, 0/35 HPs)
             Began as a Demonspawn Gladiator on Nov 10, 2019.
             Killed by nerve-wracking pain
             ... invoked by an orc priest
              (7 damage)
             ... on level 3 of the Dungeon.
             The game lasted 00:02:47 (2148 turns).

Arum the Ducker (Demonspawn Gladiator)              Turns: 2148, Time: 00:02:47

Health: 0/35       AC:  5    Str: 14    XL:     4   Next: 75%
Magic:  4/4        EV: 13    Int: 10    God:
Gold:   99         SH:  0    Dex: 15    Spells: 3/3 levels left

rFire    . . .     SeeInvis .   a - +0 long sword
rCold    . . .     Gourm    .   (no shield)
rNeg     . . .     Faith    .   m - +0 ring mail
rPois    .         Spirit   .   (helmet restricted)
rElec    .         Reflect  .   (no cloak)
rCorr    .         Harm     .   (no gloves)
MR       .....                  (no boots)
Stlth    +.........             (no amulet)
HPRegen  0.11/turn              (no ring)
MPRegen  0.09/turn              (no ring)

@: no status effects
A: horns 1, sturdy frame 1
a: no special abilities


You were on level 3 of the Dungeon.
You were not hungry.

You visited 1 branch of the dungeon, and saw 3 of its levels.

You collected 99 gold pieces.

Inventory:

Hand Weapons
 a - a +0 long sword (weapon)
Missiles
 d - 3 throwing nets
 j - 32 poisoned darts (quivered)
Armour
 m - a +0 ring mail (worn)
Jewellery
 k - an uncursed amulet of harm
Scrolls
 c - 4 scrolls of enchant armour {unknown}
 g - a scroll of fog {unknown}
 i - a scroll of magic mapping {unknown}
 l - a scroll of identify {unknown}
Potions
 b - a potion of degeneration {unknown}
 e - 2 potions of ambrosia {unknown}
 h - a potion of magic {unknown}
 n - a potion of flight {unknown}
Comestibles
 f - 6 rations


   Skills:
 + Level 3.2 Fighting
 + Level 3.6 Long Blades
 - Level 1.7 Throwing
 + Level 3.6 Dodging


You had 3 spell levels left.
You didn't know any spells.
Your spell library was empty.

Dungeon Overview and Level Annotations

Branches:
Dungeon (3/15)

Altars:
Fedhas


Innate Abilities, Weirdness & Mutations

You have a pair of small horns on your head.
Your movements are slightly less encumbered by armour. (ER -2)


Message History

You are too injured to fight recklessly!
You are too injured to fight recklessly!
You slash the orc priest!
The orc priest is heavily wounded.
The orc priest misses you.
Your ring mail prevents you from hitting the orc priest.
You headbutt the orc priest.
The orc priest is severely wounded.
The orc priest hits you but does no damage.
You hit the orc priest but do no damage.
The orc priest is severely wounded.
The orc priest calls down the wrath of Beogh upon you.
Beogh smites you!
* * * LOW HITPOINT WARNING * * *
You closely miss the orc priest. You headbutt the orc priest.
The orc priest is almost dead.
The orc priest looks braver for a moment.
The orc priest invokes the aid of Beogh against you.
Pain shoots through your body!
You die...

##.## . ... #. ...
#.. ... #... #.#
#....##.#######
#..>...)o......
#@###########
#....#......##
#............#
#............#
#............#
#............# ..
#.....######.# ..
#.########.....#
..###..............#


You could see an orc priest.

Vanquished Creatures
  Robin (D:2)
  An adder (D:2)
  An ooze (D:3)
  2 worms
  3 dart slugs
  4 leopard geckos
  3 orcs (D:3)
  2 giant cockroaches (D:3)
  18 goblins
  6 hobgoblins
  13 kobolds
  3 ball pythons
  10 bats
  6 frilled lizards
  6 rats
79 creatures vanquished.

Notes
Turn   | Place    | Note
-------+----------+-------------------------------------------
     0 | D:1      | Arum the Demonspawn Gladiator began the quest for the Orb.
     0 | D:1      | Reached XP level 1. HP: 16/16 MP: 1/1
   108 | D:1      | Gained mutation: You have a pair of small horns on your
                  | head. [demonic ancestry]
   108 | D:1      | Reached XP level 2. HP: 11/22 MP: 2/2
   473 | D:1      | Gained mutation: Your movements are slightly less
                  | encumbered by armour. (ER -2) [demonic ancestry]
   473 | D:1      | Reached XP level 3. HP: 24/28 MP: 3/3
  1265 | D:2      | Noticed Robin
  1282 | D:2      | Reached XP level 4. HP: 28/34 MP: 4/4
  1307 | D:2      | Killed Robin
  2007 | D:3      | Found a blossoming altar of Fedhas.
  2148 | D:3      | Killed from afar by an orc priest

Levels and vault maps discovered:
D:1:      ncdulo_watergridlock, layout_basic
D:2:      layout_loops_ring, first_ration, uniq_robin
D:3:      layout_basic, fedhas_altar_4

Skill      XL: |  1  2  3  4 |
---------------+-------------+-----
Dodging        | 3 |  3.6
Long Blades    | 3 |  3.6
Fighting       | 3 |  3.2
Throwing       | |  1.7

Action                   |  1- 3 |  4- 6 || total
-------------------------+-------+-------++-------
Melee: Long sword        |   126 |    68 ||   194
       Headbutt          |     8 |    22 ||    30
Throw: Dart              |     4 |     7 ||    11
 Stab: Sleeping          |     1 |       ||     1
  Eat: Chunk             |     1 |     3 ||     4
Armor: Leather armour    |    40 |     1 ||    41
       Ring mail         |       |     6 ||     6
Dodge: Dodged            |   104 |    62 ||   166
       Rpst.: Long sword |    31 |    21 ||    52
